 Dungeon Crawl Stone Soup version 0.32-a0-571-gec57dfcd37 (webtiles) character file.

Game seed: 4830001742528654760

357 Malificent the Ruffian (level 6, -6/39 HPs)
             Began as an Octopode Shapeshifter on Mar 1, 2024.
             Was an Initiate of Ashenzari.
             Mangled by a gnoll
             ... wielding a +0 spear
              (9 damage)
             ... on level 4 of the Dungeon.
             The game lasted 00:09:49 (2616 turns).

Malificent the Ruffian (Octopode Shapeshifter)      Turns: 2616, Time: 00:09:49

Health: -6/39      AC:  1    Str: 15    XL:     6   Next: 64%
Magic:  7/7        EV: 11    Int: 13    God:    Ashenzari [......]
Gold:   206        SH: 14    Dex: 11    Spells: 6/6 levels left

rFire   x .          .
                       - Unarmed
rCold   . . .        d - +2 kite shield of the Butterfly {+Inv rElec rPois rF-}
rNeg    . . .        (helmet currently unavailable)
rPois   +            q - amulet of reflection
rElec   +            (no ring)
rCorr   .            (no ring)
SInv    .            (no ring)
Will    .....        (no ring)
Stlth   +++          (no ring)
HPRegen 0.26/turn    (no ring)
MPRegen 0.10/turn    (no ring)
                     (no ring)

%: reflection
@: beast-form
A: beast (slay +2), almost no armour, amphibious, 8 rings, camouflage 1,
gelatinous body 1, (nimble swimmer 1), tentacles
a: Begin Untransformation, Renounce Religion, Evoke Invisibility


You were on level 4 of the Dungeon.
You worshipped Ashenzari.
Ashenzari was noncommittal.
You were a hulking beast.
You visited 1 branch of the dungeon, and saw 4 of its levels.

You collected 206 gold pieces.

Inventory:

Armour
 d - the +2 kite shield of the Butterfly (worn) {+Inv rElec rPois rF-}
   (You acquired it on level 1 of the Dungeon)

   rF-:       It makes you vulnerable to fire.
   rElec:     It insulates you from electricity.
   rPois:     It protects you from poison +Inv: It lets you turn invisible.
Jewellery
 q - an amulet of reflection (around mantle)
Talismans
 b - a beast talisman (active)
 c - a flux talisman
Scrolls
 f - a scroll of brand weapon {unknown}
 h - a scroll of noise {unknown}
 k - 5 scrolls of identify {unknown}
 l - a scroll of teleportation {unknown}
 n - 2 scrolls of enchant weapon {unknown}
 p - a scroll of fog {unknown}
Potions
 a - a potion of lignification
 e - a potion of degeneration {unknown}
 g - a potion of attraction {unknown}
 i - a potion of resistance {unknown}
 m - a potion of haste {unknown}
 o - a potion of enlightenment {unknown}


   Skills:
 * Level 2.0 Fighting
 * Level 2.9 Dodging
 + Level 2.7 Stealth
 * Level 1.2 Shields
 * Level 4.7 Unarmed Combat
 * Level 0.8 Spellcasting
 * Level 1.0 Conjurations
 * Level 4.1 Shapeshifting


You had 6 spell levels left.
You didn't know any spells.
Your spell library contained the following spells:

 Spells                   Type           Power      Damage    Failure   Level
 Call Imp                 Summ           0%         N/A       83%         2
 Scorch                   Fire           0%         2d5       83%         2
 Sublimation of Blood     Necr           0%         N/A       83%         2
 Flame Wave               Conj/Fire      1%         2d4       100%        4
 Summon Cactus Giant      Summ           0%         N/A       100%        6
 Summon Hydra             Summ           0%         N/A       100%        7


Dungeon Overview and Level Annotations

Branches:
Dungeon (4/15)
 Temple: D:4-7

Altars:
Ashenzari
Elyvilon
Uskayaw


Innate Abilities, Weirdness & Mutations

You are a hulking beast.
Your limbs bulge with bestial killing power. (Slay +2)
You cannot wear most types of armour.
You are amphibious.
You can wear up to eight rings at the same time.
Your skin changes colour to match your surroundings (Stealth+).
Your rubbery body absorbs attacks. (AC +1, EV +1)
((You are camouflaged when in or above water. (Stealth+)))
You have tentacles for arms and can constrict up to eight enemies at once.


Message History

The gnoll hits you with a +0 club! You block the goblin's attack.
You block the gnoll's attack. x2
You barely miss the gnoll. You grab the gnoll.
The gnoll is severely wounded.
You constrict the gnoll.
You kill the gnoll!
The goblin barely misses you. You block the gnoll's attack.
The gnoll barely misses you. The goblin hits you with a +0 club.
The gnoll barely misses you. The gnoll hits you with a +0 halberd.
* * * LOW HITPOINT WARNING * * *
Things that are here:
a +0 spear; a gnoll corpse You tentacle-slap the gnoll.
You grab the gnoll.
The gnoll is lightly wounded.
You constrict the gnoll. You block the goblin's attack.
You block the gnoll's attack. x2
It was a potion of curing.
You feel better.
You constrict the gnoll. You block the gnoll's attack.
The goblin closely misses you. The gnoll barely misses you.
You tentacle-slap the gnoll but do no damage.
You squeeze the gnoll.
The gnoll is severely wounded.
You constrict the gnoll.
You kill the gnoll!
The goblin barely misses you.
The gnoll hits you from afar with a +0 spear!
* * * LOW HITPOINT WARNING * * *
Your Conjurations skill increases to level 1!
You feel better. The goblin hits you with a +0 club.
* * * LOW HITPOINT WARNING * * *
The gnoll hits you from afar with a +0 spear.
* * * LOW HITPOINT WARNING * * *
The goblin attacks as it pursues you! You block the goblin's attack.
The gnoll hits you with a +0 spear.
* * * LOW HITPOINT WARNING * * *
You barely miss the gnoll. You grab the gnoll. You squeeze the gnoll.
The gnoll is moderately wounded.
You constrict the gnoll. The gnoll hits you with a +0 spear!
You die...

.............#
#.######
....####.#......
.. #....
#.###.###
#.#.#.# #.#.#.##
####'#....#
#.........##
#..))g.....#
#$..)hg..#.#
#.....>..+
#........#
#........#
#........#
##########


You could see a gnoll and a goblin.

Vanquished Creatures
  A phantom (D:3)
  A bombardier beetle (D:3)
  A hound (D:4)
  An iguana (D:4)
  5 gnolls
  6 adders
  A ribbon worm (D:4)
  4 dart slugs
  3 orcs
  6 bats
  4 endoplasms
  4 giant cockroaches
  5 goblins
  4 hobgoblins
  7 jackals (D:2)
  6 kobolds
  4 quokkas
  6 ball pythons
  4 frilled lizards
  8 rats
81 creatures vanquished.

Notes
Turn   | Place    | Note
-------+----------+-------------------------------------------
     0 | D:1      | Malificent the Octopode Shapeshifter began the quest for
                  | the Orb.
     0 | D:1      | Reached XP level 1. HP: 13/13 MP: 1/1
    82 | D:1      | Reached XP level 2. HP: 8/18 MP: 2/2
   533 | D:1      | Found a faded altar of an unknown god.
   540 | D:1      | Prayed at the altar of an unknown god.
   540 | D:1      | Became a worshipper of Ashenzari the Shackled
   627 | D:1      | Reached XP level 3. HP: 23/23 MP: 3/3
   922 | D:1      | Identified a scroll of acquirement
   922 | D:1      | Acquired the +2 kite shield of the Butterfly {+Inv rElec
                  | rPois rF-}
  1123 | D:2      | Reached XP level 4. HP: 19/28 MP: 4/4
  1170 | D:2      | Reached skill level 1 in Stealth
  1820 | D:3      | Reached XP level 5. HP: 33/33 MP: 5/5
  1865 | D:3      | Found a hide-covered altar of Uskayaw.
  2162 | D:3      | Found a white marble altar of Elyvilon.
  2269 | D:3      | Noticed a phantom
  2282 | D:3      | Killed a phantom
  2283 | D:3      | Reached skill level 1 in Shields
  2283 | D:3      | Reached XP level 6. HP: 21/39 MP: 6/6
  2614 | D:4      | Reached skill level 1 in Conjurations
  2616 | D:4      | Mangled by a gnoll

Illustrated notes

Levels and vault maps discovered:
D:1:      minmay_arrival_shattered_statue, layout_loops_corners,
          ebering_ecumenical_altar_box
D:2:      layout_basic
D:3:      minmay_bubble_buster, layout_basic, mainiacjoe_overflow_alcove_2,
          nicolae_uskayaw_suspiria
D:4:      layout_basic

Skill      XL: |  1  2  3  4  5  6 |
---------------+-------------------+-----
Stealth        | 1 2 |  2.7
Unarmed Combat | 4 |  4.7
Shields        | 1 |  1.2
Shapeshifting  | 4 |  4.1
Fighting       | 2 |  2.0
Conjurations   | 1 |  1.0
Dodging        | |  2.9
Spellcasting   | |  0.8

Action                     |  1- 3 |  4- 6 || total
---------------------------+-------+-------++-------
  Melee: Unarmed           |    54 |    85 ||   139
         Constrict         |    13 |    25 ||    38
         Tentacles         |    10 |    21 ||    31
         Punch             |     1 |     4 ||     5
 Invoke: Curse Item        |       |     1 ||     1
         Shatter the Chain |       |     1 ||     1
    Use: Scroll            |     1 |       ||     1
         Potion            |       |     2 ||     2
   Stab: Sleeping          |     8 |    10 ||    18
 Armour: Skin              |    21 |    36 ||    57
  Dodge: Dodged            |    25 |    24 ||    49
  Block: Kite shield       |     6 |    45 ||    51

Table legend: (Time is in decaauts)
 A = Elapsed time spent in this place.
 B = Non-inter-level travel time spent in this place.
 C = Inter-level travel time spent in this place.
 D = Time resting spent in this place.
 E = Time spent auto-exploring this place.
 F = Levels seen in this place.
 G = Mean time per level.
                   A        B        C        D        E       F      G
               +--------+--------+--------+--------+--------+-----+--------+
         Total |   2624 |   2530 |     94 |    126 |   1729 |   4 |  656.0 |
       Dungeon |   2624 |   2530 |     94 |    126 |   1729 |   4 |  656.0 |
               +--------+--------+--------+--------+--------+-----+--------+

Top non-repeatable levels by time:
     D:1: 964 daAuts
     D:2: 822 daAuts
     D:3: 657 daAuts
     D:4: 179 daAuts
